 Dungeon Crawl Stone Soup version 0.18-a0-1637-g109f206 (webtiles) character file.

653 dohliylev the Covert (level 7, -4/51 HPs)
             Began as a Vampire Enchanter on Mar 26, 2016.
             Slain by a water moccasin (7 damage)
             ... on level 5 of the Dungeon.
             The game lasted 00:26:22 (3338 turns).

dohliylev the Covert (Vampire Enchanter)            Turns: 3338, Time: 00:26:22

Health: -4/51      AC:  4    Str:  7    XL:     7   Next: 29%
Magic:  5/10       EV:  8    Int: 18    God:
Gold:   179        SH:  0    Dex: 16    Spells: 2 memorised, 7 levels left

rFire  . . .     SeeInvis +     a - +1 dagger
rCold  . . .     Gourm    .     b - +1 robe
rNeg   . . .     Faith    .     (no shield)
rPois  .         Spirit   .     (no helmet)
rElec  .         Dismiss  .     (no cloak)
rCorr  .         Reflect  .     (no gloves)
SustAt .         Harm     .     g - +0 pair of boots
MR     .....                    l - amulet of rage
Stlth  +++++.....               p - ring of see invisible
                                k - ring of flight

@: lethally poisoned (-4 -> -14), very slightly contaminated, regenerating
quickly, not resistant to hostile enchantments, quite stealthy
A: fangs 3, see invisible, unbreathing
a: Evoke Berserk Rage, Evoke Flight


You were on level 5 of the Dungeon.
You were full.

You visited 1 branch of the dungeon, and saw 5 of its levels.

You collected 179 gold pieces.

Inventory:

Hand Weapons
 a - a +1 dagger (weapon)
 e - a +0 dagger
 t - a +0 hand axe
 w - a cursed +0 dagger
 A - a +0 dagger
Missiles
 v - 7 needles of paralysis
Armour
 b - a +1 robe (worn)
 g - a +0 pair of boots (worn)
 r - a +0 pair of gloves
 y - a +0 robe
 B - a +0 robe
Jewellery
 k - a ring of flight (left hand)
 l - an amulet of rage (around neck)
 p - a ring of see invisible (right hand)
Wands
 x - a wand of digging (13/24)
 C - a wand of lightning (5/15)
Scrolls
 f - a scroll of identify {unknown}
 i - a scroll of fog {unknown}
 m - a scroll of amnesia {unknown}
 n - 3 scrolls of recharging {unknown}
 o - a scroll of immolation {unknown}
 s - 3 scrolls of teleportation {unknown}
 u - a scroll of remove curse {unknown}
 E - a scroll of enchant weapon {unknown}
Potions
 d - 21 potions of blood
 h - a potion of resistance {unknown}
 j - 3 potions of haste {unknown}
 q - a potion of magic {unknown}
 z - a potion of agility {unknown}
 D - a potion of cure mutation {unknown}
Books
 c - a book of Maledictions

   Spells                             Type                      Level
   a - Corona                         Hexes                        1
   b - Ensorcelled Hibernation        Hexes/Ice                    2
   c - Confuse                        Hexes                        3
   d - Tukima's Dance                 Hexes                        3
   e - Dazzling Spray                 Conjuration/Hexes            3


   Skills:
 + Level 2.5 Fighting
 + Level 4.3 Short Blades
 + Level 2.3 Dodging
 + Level 10.0 Stealth
 + Level 2.0 Spellcasting
 + Level 4.8 Hexes
 + Level 0.6 Ice Magic


You had 7 spell levels left.
You knew the following spells:

 Your Spells              Type           Power        Failure   Level  Hunger
a - Corona                Hex            ###....      2%          1    #......
b - Ensorcelled Hibernat  Hex/Ice        ##....       12%         2    ###....


Dungeon Overview and Level Annotations

Branches:
Dungeon (5/15)
 Temple: D:4-7

Altars:
Gozag
Nemelex Xobeh

Shops:
D:4 *

Annotations:
D:5 4thArraOfDagon's ghost, weakling HOBe


Innate Abilities, Weirdness & Mutations

Your natural rate of healing is unusually fast.
You have razor-sharp teeth.
You have supernaturally acute eyesight.
You can survive without breathing.


Message History

The water moccasin poisons you!
You barely miss the water moccasin.
The water moccasin is moderately wounded.
You feel sick. The water moccasin bites you!
* * * LOW HITPOINT WARNING * * *
* * * LOW HITPOINT WARNING * * *
You feel sick.
* * * LOW HITPOINT WARNING * * *
You feel sick.
The water moccasin bites you but does no damage.
* * * LOW HITPOINT WARNING * * *
You feel sick.
* * * LOW HITPOINT WARNING * * *
You feel sick.
There is a stone staircase leading down here.
* * * LOW HITPOINT WARNING * * *
You feel sick.
The water moccasin bites you but does no damage.
The water moccasin bites you!
You die...

# ### #. ..# #.### #.#
#...#######.#####
#.@............
#.S####.#.#######
#................
####.#####.#.#########
#.....# #.#.........#
#.##.....#.....#####.#
#.
.......#####.#####.# #
###.....# #........
..$...# #........


You could see a water moccasin.

Vanquished Creatures
  Duvessa (D:4)
  An orc warrior (D:3)
  An ogre (D:4)
  Dowan (D:4)
  A scorpion (D:3)
  A crimson imp (D:5)
  A hound (D:4)
  An orc priest (D:3)
  An iguana (D:5)
  A worker ant (D:5)
  5 adders
  A shadow imp (D:5)
  4 worms
  2 dart slugs
  3 giant geckos
  7 orcs
  A ball python (D:3)
  2 bats (D:2)
  9 giant cockroaches
  3 goblins
  4 hobgoblins
  6 giant newts
  5 kobolds
  9 rats
71 creatures vanquished.

Notes
Turn   | Place    | Note
--------------------------------------------------------------
     0 | D:1      | dohliylev the Vampire Enchanter began the quest for the Orb.
     0 | D:1      | Reached XP level 1. HP: 13/13 MP: 3/3
   191 | D:1      | Reached skill level 5 in Stealth
   277 | D:1      | Reached XP level 2. HP: 14/19 MP: 5/5
   741 | D:1      | You fall through a shaft!
   763 | D:2      | Reached skill level 6 in Stealth
   947 | D:2      | Learned a level 2 spell: Ensorcelled Hibernation
   965 | D:2      | Reached XP level 3. HP: 24/24 MP: 6/6
  1107 | D:2      | Reached skill level 7 in Stealth
  1578 | D:3      | Noticed an orc warrior
  1582 | D:3      | Reached XP level 4. HP: 30/30 MP: 7/7
  1584 | D:3      | Reached skill level 8 in Stealth
  1591 | D:3      | Killed an orc warrior
  1591 | D:3      | Reached skill level 9 in Stealth
  1591 | D:3      | Reached XP level 5. HP: 35/35 MP: 1/8
  1709 | D:3      | Reached skill level 1 in Fighting
  2141 | D:3      | Reached XP level 6. HP: 43/43 MP: 4/9
  2190 | D:4      | Found an opulent altar of Gozag.
  2192 | D:4      | Found Gozag's Platinum Reserve.
  2792 | D:4      | Noticed Duvessa
  2801 | D:4      | Killed Duvessa
  2802 | D:4      | Noticed Dowan
  2805 | D:4      | Killed Dowan
  2805 | D:4      | Reached XP level 7. HP: 49/51 MP: 7/10
  3092 | D:5      | Entered Level 5 of the Dungeon
  3137 | D:5      | Found a sparkling altar of Nemelex Xobeh.
  3247 | D:5      | Noticed 4thArraOfDagon's ghost (weakling HOBe)
  3270 | D:5      | Reached skill level 10 in Stealth
  3338 | D:5      | Slain by a water moccasin

Vault maps used:
D:1:      eino_arrival_cavern_a, bh_walls_and_bars
D:3:      due_unseen_surprise
D:4:      nicolae_gozag_zags_fifth_avenue, uniq_duvessa
D:5:      nicolae_overflow_hidden_temple, yredelemnul_altar_generic,
          first_bread, basic_altar, uniq_grinder

Skill      XL: |  1  2  3  4  5  6  7 |
---------------+----------------------+-----
Stealth        | 5 6 7 9 10 | 10.0
Fighting       | 1 2 |  2.5
Short Blades   | 2 4 |  4.3
Dodging        | |  2.3
Spellcasting   | |  2.0
Hexes          | |  4.8
Ice Magic      | |  0.6

Action                   |  1- 3 |  4- 6 |  7- 9 || total
-------------------------+-------+-------+-------++-------
Melee: Dagger            |    83 |    65 |    48 ||   196
 Cast: Ensorcelled Hiber |     1 |    13 |    11 ||    25
       Corona            |       |       |     3 ||     3
  Use: Potion            |       |    10 |       ||    10
 Stab: Sleeping          |    19 |    30 |     7 ||    56
